San Jose Sharks vs Dallas Stars
Created - Friday, September 12, 2025 at 07:24
Goals
|
| San Jose Sharks |
1 |
1 |
0 |
0 |
2 |
| Dallas Stars |
1 |
0 |
1 |
1 |
3 |
|
Shots
|
| San Jose Sharks |
15 |
20 |
10 |
0 |
45 |
| Dallas Stars |
9 |
11 |
13 |
3 |
36 |
|
1st period
1. San Jose Sharks , Adam Henrique 8 (Kevin Fiala 14, Carter Verhaeghe 22) at 13:07
2. Dallas Stars , Jordan Greenway 7 (Luke Kunin 16, Dougie Hamilton 15) at 19:59
Penalties :
No Penalty
2nd period
3. San Jose Sharks , Andrew Copp 11 (Travis Boyd 8) at 5:02
Penalties :
Josh Anderson (DAL) for High sticking (Minor) at 18:47
3rd period
4. Dallas Stars , Jordan Martinook 17 (Jakob Chychrun 13, Trevor van Riemsdyk 13) at 7:02 (PP)
Penalties :
Jake McCabe (SJS) for Tripping (Minor) at 1:39, Jake McCabe (SJS) for Tripping (Minor) at 6:52, Connor Murphy (SJS) for Slashing (Minor) at 15:22
Overtime #1
5. Dallas Stars , Josh Anderson 12 (Elias Lindholm 19) at 3:53
Penalties :
No Penalty
Goalie Stats
Jacob Markstrom (SJS), 33 saves from 36 shots - (0.917), OTL, 4-8-2, 63:53 minutes
Marc-Andre Fleury (DAL), 43 saves from 45 shots - (0.956), W, 5-5-2, 63:53 minutes
Players Stats for San Jose Sharks
Player Name G A P +/- PIM S H SB GA TA FO MP PP MP PK MP
------------------------------------------------------------------------------------
Adam Henrique 1 0 1 0 0 1 1 2 1 1 2/3 20:06 1:02 1:56
Alexander Wennberg 0 0 0 -1 0 5 0 0 0 0 10/17 19:51 0:57 1:56
Andre Burakovsky 0 0 0 0 0 1 1 0 1 0 0/1 16:13 0:57 0:00
Andrew Copp 1 0 1 0 0 4 2 0 1 0 9/13 13:36 0:00 0:00
Anthony Beauvillier 0 0 0 0 0 1 1 0 0 0 0/0 10:10 0:00 0:11
Blake Lizotte 0 0 0 0 0 1 0 0 0 1 0/0 9:36 0:00 0:00
Carter Verhaeghe 0 1 1 1 0 4 4 2 1 0 7/23 20:15 1:02 2:01
Connor Murphy 0 0 0 0 2 0 2 1 0 1 0/0 22:31 0:44 1:01
Ilya Mikheyev 0 0 0 0 0 6 2 1 0 0 0/1 14:19 0:00 0:11
Jake McCabe 0 0 0 1 4 0 1 4 0 0 0/0 16:56 0:00 0:00
Jordan Spence 0 0 0 1 0 0 1 1 0 2 0/0 17:34 0:00 0:33
Josh Manson 0 0 0 -1 0 1 3 3 0 1 0/0 23:15 1:15 1:59
Kevin Fiala 0 1 1 1 0 6 3 0 1 0 1/6 20:15 1:02 2:01
Marcus Pettersson 0 0 0 -1 0 1 0 2 0 0 0/0 23:50 1:15 2:34
Mattias Samuelsson 0 0 0 0 0 5 6 5 0 3 0/0 23:40 0:44 2:09
Max Domi 0 0 0 0 0 4 1 0 0 0 0/2 16:13 0:57 0:00
Robby Fabbri 0 0 0 0 0 3 3 1 0 0 0/0 9:36 0:00 0:00
Travis Boyd 0 1 1 0 0 2 1 0 0 1 0/0 13:25 0:00 0:00
Players Stats for Dallas Stars
Player Name G A P +/- PIM S H SB GA TA FO MP PP MP PK MP
------------------------------------------------------------------------------------
Alex Iafallo 0 0 0 0 0 2 0 0 3 0 0/0 14:08 0:28 0:00
Arber Xhekaj 0 0 0 -1 0 1 4 2 0 0 0/0 17:09 0:28 0:00
Brendan Gallagher 0 0 0 0 0 4 4 1 2 1 1/2 19:52 2:03 0:58
Cam York 0 0 0 -1 0 0 0 3 0 0 0/0 9:11 0:00 0:00
Dougie Hamilton 0 1 1 1 0 2 2 1 1 0 0/0 24:47 1:18 0:56
Elias Lindholm 0 1 1 -1 0 6 1 0 0 0 17/28 20:03 2:03 1:01
Jack Drury 0 0 0 0 0 3 1 2 0 0 5/10 14:08 0:00 0:43
Jakob Chychrun 0 1 1 0 0 1 1 1 0 2 0/0 24:58 2:22 1:03
Joel Kiviranta 0 0 0 0 0 0 0 0 0 1 0/0 11:11 0:00 0:00
Jonatan Berggren 0 0 0 0 0 2 1 0 0 0 0/0 10:36 0:00 0:00
Jordan Greenway 1 0 1 0 0 3 3 0 0 0 0/0 17:03 2:05 0:18
Jordan Martinook 1 0 1 1 0 2 0 1 3 0 3/5 19:14 2:05 0:58
Josh Anderson 1 0 1 -1 2 2 4 0 1 0 2/2 19:16 2:03 0:00
Luke Kunin 0 1 1 0 0 1 0 2 0 0 7/13 16:45 2:05 0:00
Philip Tomasino 0 0 0 0 0 2 2 0 0 0 2/5 10:36 0:00 0:00
Rasmus Ristolainen 0 0 0 1 0 2 2 1 0 0 0/0 26:00 1:18 0:56
Trent Frederic 0 0 0 0 0 2 2 0 0 0 0/1 13:25 0:00 0:00
Trevor van Riemsdyk 0 1 1 0 0 1 0 1 0 1 0/0 25:10 2:22 1:03
3 Stars
1 - Marc-Andre Fleury (DAL)
2 - Jordan Greenway (DAL)
3 - Jordan Martinook (DAL)
Power Play
San Jose Sharks - 0 on 1 Attempt(s) - 0.00%
Dallas Stars - 1 on 3 Attempt(s) - 33.33%
Penalty Kill
San Jose Sharks - 2 on 3 Attempt(s) - 66.67%
- Score 0 goal in Penalty Kill
Dallas Stars - 1 on 1 Attempt(s) - 100.00%
- Score 0 goal in Penalty Kill
Team Stat
San Jose Sharks - Hits : 32 - Faceoff Wins : 29 - Blocked Shots : 22 - Penalty Minutes : 6
Dallas Stars - Hits : 27 - Faceoff Wins : 37 - Blocked Shots : 15 - Penalty Minutes : 2
Official
Referees : Chris Rooney and Chris Lee
Linesman : Mitchell Hunt and Devin Berg
Game Notes
Cam York is injured at 9:01 of 2nd period (Right Hand)
Finance
Level 1 -- Attendance: 6000 (100.00%) -- Ticket Income $540,000
Level 2 -- Attendance: 5000 (100.00%) -- Ticket Income $250,000
Level 3 -- Attendance: 3000 (100.00%) -- Ticket Income $90,000
Level 4 -- Attendance: 3521 (70.42%) -- Ticket Income $88,025
Luxury Box -- Attendance: 895 (89.50%) -- Ticket Income $170,050
Game was played at the American Airlines Center.
Total Attendance: 18416 (92.08%)
Total Ticket Income: $1,138,075
Other Income: $398,326
Total Income: $1,536,401
San Jose Sharks
5 vs 5 Forward
Center Left Wing Right Wing Time % Phy DF OF
1 Carter Verhaeghe Kevin Fiala Adam Henrique 30 1 2 2
2 Alexander Wennberg Max Domi Andre Burakovsky 30 1 2 2
3 Andrew Copp Ilya Mikheyev Travis Boyd 25 1 2 2
4 Robby Fabbri Anthony Beauvillier Blake Lizotte 15 1 2 2
5 vs 5 Defense
Defense Defense Time % Phy DF OF
1 Mattias Samuelsson Connor Murphy 35 1 2 2
2 Marcus Pettersson Josh Manson 35 1 2 2
3 Jordan Spence Jake McCabe 30 1 2 2
4 Mattias Samuelsson Connor Murphy 0 1 2 2
PowerPlay Forward
Center Left Wing Right Wing Time % Phy DF OF
1 Carter Verhaeghe Kevin Fiala Adam Henrique 50 1 2 2
2 Alexander Wennberg Max Domi Andre Burakovsky 50 1 2 2
PowerPlay Defense
Defense Defense Time % Phy DF OF
1 Mattias Samuelsson Connor Murphy 50 1 2 2
2 Marcus Pettersson Josh Manson 50 1 2 2
Penalty Kill 4 Players Forward
Center Wing Time % Phy DF OF
1 Kevin Fiala Carter Verhaeghe 50 1 2 2
2 Alexander Wennberg Adam Henrique 50 1 2 2
Penalty Kill 4 Players Defense
Defense Defense Time % Phy DF OF
1 Mattias Samuelsson Connor Murphy 50 1 2 2
2 Marcus Pettersson Josh Manson 50 1 2 2
Penalty Kill - 3 Players Forward
Forward Time % Phy DF OF
1 Kevin Fiala 50 1 2 2
2 Carter Verhaeghe 50 1 2 2
Penalty Kill - 3 Players Defense
Defense Defense Time % Phy DF OF
1 Mattias Samuelsson Connor Murphy 50 1 2 2
2 Marcus Pettersson Josh Manson 50 1 2 2
4 vs 4 Forward
Center Wing Time % Phy DF OF
1 Kevin Fiala Carter Verhaeghe 50 1 2 2
2 Alexander Wennberg Adam Henrique 50 1 2 2
4 vs 4 Defense
Defense Defense Time % Phy DF OF
1 Mattias Samuelsson Connor Murphy 50 1 2 2
2 Marcus Pettersson Josh Manson 50 1 2 2
Last Minutes Offensive
Center Left Wing Right Wing Defense Defense
Carter Verhaeghe Kevin Fiala Adam Henrique Mattias Samuelsson Connor Murphy
Last Minutes Defensive
Center Left Wing Right Wing Defense Defense
Carter Verhaeghe Kevin Fiala Adam Henrique Mattias Samuelsson Connor Murphy
Goaltenders
Starting : Jacob Markstrom
Backup : Jakub Dobes
Extra Forwards
Normal : Ilya Mikheyev, Andrew Copp, Anthony Beauvillier - PP : Ilya Mikheyev, Andrew Copp - PK : Anthony Beauvillier
Extra Defensemen
Normal : Jordan Spence, Connor Murphy, Marcus Pettersson - PP : Jordan Spence - PK : Mattias Samuelsson, Marcus Pettersson
Penalty Shots
Kevin Fiala, Carter Verhaeghe, Alexander Wennberg, Adam Henrique, Max Domi
Scratches
Ryan Johansen (Healthy), Calle Jarnkrok (Healthy)
Dallas Stars
5 vs 5 Forward
Center Left Wing Right Wing Time % Phy DF OF
1 Elias Lindholm Josh Anderson Brendan Gallagher 30 1 2 2
2 Luke Kunin Jordan Martinook Jordan Greenway 30 1 2 2
3 Jack Drury Alex Iafallo Trent Frederic 25 1 2 2
4 Philip Tomasino Joel Kiviranta Jonatan Berggren 15 1 2 2
5 vs 5 Defense
Defense Defense Time % Phy DF OF
1 Rasmus Ristolainen Dougie Hamilton 35 1 2 2
2 Trevor van Riemsdyk Jakob Chychrun 35 1 2 2
3 Arber Xhekaj Cam York 30 1 2 2
4 Rasmus Ristolainen Dougie Hamilton 0 1 2 2
PowerPlay Forward
Center Left Wing Right Wing Time % Phy DF OF
1 Elias Lindholm Josh Anderson Brendan Gallagher 50 1 2 2
2 Luke Kunin Jordan Martinook Jordan Greenway 50 1 2 2
PowerPlay Defense
Defense Defense Time % Phy DF OF
1 Rasmus Ristolainen Dougie Hamilton 50 1 2 2
2 Trevor van Riemsdyk Jakob Chychrun 50 1 2 2
Penalty Kill 4 Players Forward
Center Wing Time % Phy DF OF
1 Elias Lindholm Josh Anderson 50 1 2 2
2 Jordan Martinook Brendan Gallagher 50 1 2 2
Penalty Kill 4 Players Defense
Defense Defense Time % Phy DF OF
1 Rasmus Ristolainen Dougie Hamilton 50 1 2 2
2 Trevor van Riemsdyk Jakob Chychrun 50 1 2 2
Penalty Kill - 3 Players Forward
Forward Time % Phy DF OF
1 Elias Lindholm 50 1 2 2
2 Josh Anderson 50 1 2 2
Penalty Kill - 3 Players Defense
Defense Defense Time % Phy DF OF
1 Rasmus Ristolainen Dougie Hamilton 50 1 2 2
2 Trevor van Riemsdyk Jakob Chychrun 50 1 2 2
4 vs 4 Forward
Center Wing Time % Phy DF OF
1 Elias Lindholm Josh Anderson 50 1 2 2
2 Jordan Martinook Brendan Gallagher 50 1 2 2
4 vs 4 Defense
Defense Defense Time % Phy DF OF
1 Rasmus Ristolainen Dougie Hamilton 50 1 2 2
2 Trevor van Riemsdyk Jakob Chychrun 50 1 2 2
Last Minutes Offensive
Center Left Wing Right Wing Defense Defense
Elias Lindholm Josh Anderson Brendan Gallagher Rasmus Ristolainen Dougie Hamilton
Last Minutes Defensive
Center Left Wing Right Wing Defense Defense
Elias Lindholm Josh Anderson Brendan Gallagher Rasmus Ristolainen Dougie Hamilton
Goaltenders
Starting : Marc-Andre Fleury
Backup : Alex Lyon
Extra Forwards
Normal : Alex Iafallo, Joel Kiviranta, Jack Drury - PP : Alex Iafallo, Joel Kiviranta - PK : Jack Drury
Extra Defensemen
Normal : Rasmus Ristolainen, Cam York, Trevor van Riemsdyk - PP : Dougie Hamilton - PK : Cam York, Trevor van Riemsdyk
Penalty Shots
Elias Lindholm, Josh Anderson, Jordan Martinook, Brendan Gallagher, Alex Iafallo
Scratches
Filip Chytil (Healthy), Jonas Siegenthaler (Strained Right Elbow Injury), Semyon Varlamov (Healthy)
% Time on Ice - San Jose Sharks
Lines # - Real PCT - Wanted PCT - Time Play
Normal Forward
1 - 28% - 30% - 15:13
2 - 29% - 30% - 15:39
3 - 25% - 25% - 13:25
4 - 18% - 15% - 9:36
Normal Defense
1 - 34% - 35% - 18:13
2 - 34% - 35% - 18:10
3 - 31% - 30% - 16:58
4 - 1% - 0% - 0:32
PP Forward
1 - 52% - 50% - 1:02
2 - 48% - 50% - 0:57
PP Defense
1 - 37% - 50% - 0:44
2 - 63% - 50% - 1:15
PK Forward
1 - 51% - 50% - 2:06
2 - 49% - 50% - 2:02
PK Defense
1 - 52% - 50% - 2:09
2 - 48% - 50% - 1:59
PK3 Forward
1 - 0% - 50%
2 - 0% - 50%
PK3 Defense
1 - 0% - 50%
2 - 0% - 50%
44 Forward
1 - 51% - 50% - 1:59
2 - 49% - 50% - 1:54
44 Defense
1 - 52% - 50% - 2:02
2 - 48% - 50% - 1:51
Last Minute Offensive - 0:00
Last Minute Defensive - 0:00
Total
Forward - 63:53
Defense - 63:53
|
% Time on Ice - Dallas Stars
Lines # - Real PCT - Wanted PCT - Time Play
Normal Forward
1 - 28% - 30% - 15:20
2 - 27% - 30% - 14:32
3 - 25% - 25% - 13:25
4 - 20% - 15% - 10:36
Normal Defense
1 - 35% - 35% - 18:45
2 - 34% - 35% - 18:06
3 - 32% - 30% - 17:02
4 - 0% - 0% - 0:00
PP Forward
1 - 50% - 50% - 2:03
2 - 50% - 50% - 2:05
PP Defense
1 - 43% - 50% - 1:46
2 - 57% - 50% - 2:22
PK Forward
1 - 51% - 50% - 1:01
2 - 49% - 50% - 0:58
PK Defense
1 - 47% - 50% - 0:56
2 - 53% - 50% - 1:03
PK3 Forward
1 - 0% - 50%
2 - 0% - 50%
PK3 Defense
1 - 0% - 50%
2 - 0% - 50%
44 Forward
1 - 52% - 50% - 2:02
2 - 48% - 50% - 1:51
44 Defense
1 - 40% - 50% - 1:34
2 - 60% - 50% - 2:19
Last Minute Offensive - 0:00
Last Minute Defensive - 0:00
Total
Forward - 63:53
Defense - 63:53
|
Play-by-Play
1st period
0:01 of 1st period - Elias Lindholm wins face-off versus Carter Verhaeghe in neutral zone.
0:04 of 1st period - Mattias Samuelsson is hit by Brendan Gallagher and loses puck.
0:27 of 1st period - Jordan Greenway is hit by Connor Murphy and loses puck.
0:36 of 1st period - Snap shot by Max Domi.
0:36 of 1st period - Stopped by Marc-Andre Fleury without a rebound.
0:37 of 1st period - Andrew Copp wins face-off versus Jack Drury in Dallas Stars zone.
0:38 of 1st period - Wrist shot by Travis Boyd.
0:38 of 1st period - Shot Misses the Net.
1:05 of 1st period - Snap shot by Ilya Mikheyev.
1:05 of 1st period - Stopped by Marc-Andre Fleury with a rebound.
1:15 of 1st period - Wrist shot by Anthony Beauvillier.
1:15 of 1st period - Stopped by Marc-Andre Fleury without a rebound.
1:16 of 1st period - Alexander Wennberg wins face-off versus Luke Kunin in Dallas Stars zone.
1:27 of 1st period - Wrist shot by Andre Burakovsky.
1:27 of 1st period - Shot Blocked by Cam York.
1:29 of 1st period - Slapshot by Alexander Wennberg.
1:29 of 1st period - Shot Blocked by Cam York.
1:48 of 1st period - Wrist shot by Carter Verhaeghe.
1:48 of 1st period - Shot Blocked by Arber Xhekaj.
2:10 of 1st period - Jack Drury is hit by Ilya Mikheyev and loses puck.
2:41 of 1st period - Slapshot by Jordan Martinook.
2:41 of 1st period - Stopped by Jacob Markstrom with a rebound.
3:05 of 1st period - Dougie Hamilton is hit by Jake McCabe and loses puck.
3:31 of 1st period - Wrist shot by Brendan Gallagher.
3:31 of 1st period - Stopped by Jacob Markstrom with a rebound.
3:53 of 1st period - Trevor van Riemsdyk is hit by Mattias Samuelsson and loses puck.
4:04 of 1st period - Connor Murphy is hit by Philip Tomasino and loses puck.
4:28 of 1st period - Marcus Pettersson is hit by Trent Frederic and loses puck.
5:07 of 1st period - Trent Frederic is hit by Robby Fabbri and loses puck.
5:36 of 1st period - Icing by Alexander Wennberg.
5:37 of 1st period - Alexander Wennberg wins face-off versus Elias Lindholm in San Jose Sharks zone.
5:37 of 1st period - Alexander Wennberg is hit by Josh Anderson.
5:45 of 1st period - Slapshot by Alexander Wennberg.
5:45 of 1st period - Stopped by Marc-Andre Fleury without a rebound.
5:46 of 1st period - Luke Kunin wins face-off versus Carter Verhaeghe in Dallas Stars zone.
5:46 of 1st period - Luke Kunin is hit by Adam Henrique.
6:12 of 1st period - Josh Anderson is hit by Max Domi and loses puck.
6:19 of 1st period - Mattias Samuelsson is hit by Josh Anderson and loses puck.
6:56 of 1st period - Wrist shot by Jonatan Berggren.
6:56 of 1st period - Stopped by Jacob Markstrom without a rebound.
6:57 of 1st period - Luke Kunin wins face-off versus Carter Verhaeghe in San Jose Sharks zone.
7:22 of 1st period - Jake McCabe is hit by Josh Anderson and loses puck.
7:47 of 1st period - Wrist shot by Andrew Copp.
7:47 of 1st period - Stopped by Marc-Andre Fleury without a rebound.
7:48 of 1st period - Carter Verhaeghe wins face-off versus Luke Kunin in Dallas Stars zone.
8:57 of 1st period - Blake Lizotte is hit by Arber Xhekaj and loses puck.
9:14 of 1st period - Slapshot by Brendan Gallagher.
9:14 of 1st period - Shot Blocked by Jake McCabe.
9:16 of 1st period - Slapshot by Rasmus Ristolainen.
9:16 of 1st period - Stopped by Jacob Markstrom with a rebound.
9:36 of 1st period - Icing by Jordan Martinook.
9:37 of 1st period - Luke Kunin wins face-off versus Andre Burakovsky in Dallas Stars zone.
9:52 of 1st period - Wrist shot by Alexander Wennberg.
9:52 of 1st period - Shot Misses the Net.
10:00 of 1st period - Backhand shot by Andre Burakovsky.
10:00 of 1st period - Stopped by Marc-Andre Fleury with a rebound.
10:02 of 1st period - Wrist shot by Alexander Wennberg.
10:02 of 1st period - Shot Misses the Net.
10:14 of 1st period - Snap shot by Alexander Wennberg.
10:14 of 1st period - Stopped by Marc-Andre Fleury with a rebound.
10:16 of 1st period - Wrist shot by Alexander Wennberg.
10:16 of 1st period - Stopped by Marc-Andre Fleury without a rebound.
10:17 of 1st period - Adam Henrique wins face-off versus Elias Lindholm in Dallas Stars zone.
10:18 of 1st period - Snap shot by Carter Verhaeghe.
10:18 of 1st period - Shot Misses the Net.
10:48 of 1st period - Cam York is hit by Connor Murphy and loses puck.
11:05 of 1st period - Cam York is hit by Robby Fabbri and loses puck.
11:26 of 1st period - Jordan Greenway is hit by Andre Burakovsky and loses puck.
12:11 of 1st period - Cam York is hit by Andrew Copp and loses puck.
12:51 of 1st period - Snap shot by Jordan Greenway.
12:51 of 1st period - Shot Blocked by Robby Fabbri.
13:05 of 1st period - Wrist shot by Kevin Fiala.
13:05 of 1st period - Shot Misses the Net.
13:07 of 1st period - Snap shot by Adam Henrique.
13:07 of 1st period - Goal by Adam Henrique - San Jose Sharks : 1 - Dallas Stars : 0.
13:08 of 1st period - Carter Verhaeghe wins face-off versus Elias Lindholm in neutral zone.
13:13 of 1st period - Slapshot by Carter Verhaeghe.
13:13 of 1st period - Stopped by Marc-Andre Fleury with a rebound.
13:15 of 1st period - Wrist shot by Carter Verhaeghe.
13:15 of 1st period - Shot Misses the Net.
13:17 of 1st period - Snap shot by Carter Verhaeghe.
13:17 of 1st period - Stopped by Marc-Andre Fleury with a rebound.
13:19 of 1st period - Slapshot by Josh Manson.
13:19 of 1st period - Stopped by Marc-Andre Fleury without a rebound.
13:20 of 1st period - Elias Lindholm wins face-off versus Andrew Copp in Dallas Stars zone.
13:29 of 1st period - Wrist shot by Andrew Copp.
13:29 of 1st period - Shot Misses the Net.
13:31 of 1st period - Slapshot by Mattias Samuelsson.
13:31 of 1st period - Stopped by Marc-Andre Fleury without a rebound.
13:32 of 1st period - Jack Drury wins face-off versus Carter Verhaeghe in Dallas Stars zone.
14:01 of 1st period - Slapshot by Josh Anderson.
14:01 of 1st period - Shot Misses the Net.
14:25 of 1st period - Snap shot by Alexander Wennberg.
14:25 of 1st period - Shot Misses the Net.
14:27 of 1st period - Slapshot by Marcus Pettersson.
14:27 of 1st period - Stopped by Marc-Andre Fleury with a rebound.
14:42 of 1st period - Slapshot by Connor Murphy.
14:42 of 1st period - Deflect By Robby Fabbri.
14:42 of 1st period - Shot Misses the Net.
14:42 of 1st period - Puck is out of play.
14:43 of 1st period - Philip Tomasino wins face-off versus Carter Verhaeghe in Dallas Stars zone.
14:48 of 1st period - Slapshot by Jakob Chychrun.
14:48 of 1st period - Deflect By Jonatan Berggren.
14:48 of 1st period - Shot Misses the Net.
14:48 of 1st period - Puck is out of play.
14:49 of 1st period - Josh Anderson wins face-off versus Carter Verhaeghe in San Jose Sharks zone.
14:52 of 1st period - Slapshot by Elias Lindholm.
14:52 of 1st period - Shot Blocked by Mattias Samuelsson.
16:41 of 1st period - Slapshot by Andrew Copp.
16:41 of 1st period - Stopped by Marc-Andre Fleury with a rebound.
16:57 of 1st period - Slapshot by Luke Kunin.
16:57 of 1st period - Shot Blocked by Jake McCabe.
17:22 of 1st period - Snap shot by Brendan Gallagher.
17:22 of 1st period - Shot Blocked by Marcus Pettersson.
17:24 of 1st period - Snap shot by Brendan Gallagher.
17:24 of 1st period - Shot Misses the Net.
17:26 of 1st period - Snap shot by Elias Lindholm.
17:26 of 1st period - Shot Blocked by Josh Manson.
18:05 of 1st period - Off-side.
18:06 of 1st period - Andrew Copp wins face-off versus Jack Drury in neutral zone.
18:46 of 1st period - Wrist shot by Alex Iafallo.
18:46 of 1st period - Stopped by Jacob Markstrom without a rebound.
18:47 of 1st period - Luke Kunin wins face-off versus Alexander Wennberg in San Jose Sharks zone.
18:48 of 1st period - Snap shot by Jordan Greenway.
18:48 of 1st period - Stopped by Jacob Markstrom with a rebound.
19:13 of 1st period - Wrist shot by Elias Lindholm.
19:13 of 1st period - Stopped by Jacob Markstrom with a rebound.
19:15 of 1st period - Backhand shot by Elias Lindholm.
19:15 of 1st period - Stopped by Jacob Markstrom with a rebound.
19:57 of 1st period - Wrist shot by Luke Kunin.
19:57 of 1st period - Shot Blocked by Ilya Mikheyev.
19:59 of 1st period - Snap shot by Jordan Greenway.
19:59 of 1st period - Goal by Jordan Greenway - San Jose Sharks : 1 - Dallas Stars : 1.
Goals for this period are 1 for San Jose Sharks vs 1 for Dallas Stars.
Shots for this period are 15 for San Jose Sharks vs 9 for Dallas Stars.
2nd period
0:01 of 2nd period - Alexander Wennberg wins face-off versus Elias Lindholm in neutral zone.
0:39 of 2nd period - Slapshot by Ilya Mikheyev.
0:39 of 2nd period - Deflect By Andrew Copp.
0:39 of 2nd period - Shot Misses the Net.
0:39 of 2nd period - Puck is out of play.
0:40 of 2nd period - Andrew Copp wins face-off versus Luke Kunin in Dallas Stars zone.
1:02 of 2nd period - Wrist shot by Ilya Mikheyev.
1:02 of 2nd period - Stopped by Marc-Andre Fleury without a rebound.
1:03 of 2nd period - Adam Henrique wins face-off versus Jack Drury in Dallas Stars zone.
1:16 of 2nd period - Wrist shot by Carter Verhaeghe.
1:16 of 2nd period - Shot Blocked by Trevor van Riemsdyk.
2:00 of 2nd period - Slapshot by Travis Boyd.
2:00 of 2nd period - Stopped by Marc-Andre Fleury with a rebound.
2:02 of 2nd period - Snap shot by Ilya Mikheyev.
2:02 of 2nd period - Stopped by Marc-Andre Fleury with a rebound.
2:16 of 2nd period - Wrist shot by Robby Fabbri.
2:16 of 2nd period - Stopped by Marc-Andre Fleury with a rebound.
2:18 of 2nd period - Wrist shot by Anthony Beauvillier.
2:18 of 2nd period - Shot Blocked by Luke Kunin.
2:22 of 2nd period - Snap shot by Robby Fabbri.
2:22 of 2nd period - Deflect By Blake Lizotte.
2:22 of 2nd period - Shot Misses the Net.
2:22 of 2nd period - Puck is out of play.
2:23 of 2nd period - Elias Lindholm wins face-off versus Carter Verhaeghe in Dallas Stars zone.
2:23 of 2nd period - Elias Lindholm is hit by Carter Verhaeghe.
2:39 of 2nd period - Slapshot by Kevin Fiala.
2:39 of 2nd period - Deflect By Cam York.
2:39 of 2nd period - Stopped by Marc-Andre Fleury without a rebound.
2:40 of 2nd period - Jack Drury wins face-off versus Alexander Wennberg in Dallas Stars zone.
3:05 of 2nd period - Mattias Samuelsson is hit by Brendan Gallagher and loses puck.
3:36 of 2nd period - Jordan Martinook is hit by Josh Manson and loses puck.
4:48 of 2nd period - Wrist shot by Ilya Mikheyev.
4:48 of 2nd period - Deflect By Dougie Hamilton.
4:48 of 2nd period - Stopped by Marc-Andre Fleury with a rebound.
4:50 of 2nd period - Snap shot by Ilya Mikheyev.
4:50 of 2nd period - Stopped by Marc-Andre Fleury without a rebound.
4:51 of 2nd period - Andrew Copp wins face-off versus Luke Kunin in Dallas Stars zone.
5:02 of 2nd period - Slapshot by Andrew Copp.
5:02 of 2nd period - Goal by Andrew Copp - San Jose Sharks : 2 - Dallas Stars : 1.
5:03 of 2nd period - Luke Kunin wins face-off versus Carter Verhaeghe in neutral zone.
5:11 of 2nd period - Wrist shot by Carter Verhaeghe.
5:11 of 2nd period - Stopped by Marc-Andre Fleury without a rebound.
5:12 of 2nd period - Jordan Martinook wins face-off versus Carter Verhaeghe in Dallas Stars zone.
5:17 of 2nd period - Wrist shot by Luke Kunin.
5:17 of 2nd period - Shot Blocked by Marcus Pettersson.
5:25 of 2nd period - Wrist shot by Jordan Martinook.
5:25 of 2nd period - Shot Blocked by Josh Manson.
5:27 of 2nd period - Slapshot by Luke Kunin.
5:27 of 2nd period - Stopped by Jacob Markstrom without a rebound.
5:28 of 2nd period - Alexander Wennberg wins face-off versus Jack Drury in San Jose Sharks zone.
5:56 of 2nd period - Kevin Fiala is hit by Brendan Gallagher and loses puck.
6:44 of 2nd period - Off-side.
6:45 of 2nd period - Alexander Wennberg wins face-off versus Philip Tomasino in neutral zone.
7:19 of 2nd period - Snap shot by Max Domi.
7:19 of 2nd period - Shot Blocked by Jakob Chychrun.
7:21 of 2nd period - Snap shot by Jake McCabe.
7:21 of 2nd period - Shot Misses the Net.
7:32 of 2nd period - Slapshot by Jordan Spence.
7:32 of 2nd period - Deflect By Alexander Wennberg.
7:32 of 2nd period - Shot Misses the Net.
7:32 of 2nd period - Puck is out of play.
7:33 of 2nd period - Jack Drury wins face-off versus Carter Verhaeghe in Dallas Stars zone.
7:38 of 2nd period - Snap shot by Trent Frederic.
7:38 of 2nd period - Shot Misses the Net.
7:40 of 2nd period - Wrist shot by Jack Drury.
7:40 of 2nd period - Stopped by Jacob Markstrom with a rebound.
7:42 of 2nd period - Slapshot by Dougie Hamilton.
7:42 of 2nd period - Shot Misses the Net.
7:44 of 2nd period - Snap shot by Trent Frederic.
7:44 of 2nd period - Stopped by Jacob Markstrom with a rebound.
7:46 of 2nd period - Wrist shot by Dougie Hamilton.
7:46 of 2nd period - Deflect By Alex Iafallo.
7:46 of 2nd period - Shot Blocked by Adam Henrique.
7:46 of 2nd period - Puck is out of play.
7:47 of 2nd period - Brendan Gallagher wins face-off versus Andrew Copp in San Jose Sharks zone.
7:56 of 2nd period - Slapshot by Elias Lindholm.
7:56 of 2nd period - Shot Misses the Net.
8:02 of 2nd period - Snap shot by Josh Anderson.
8:02 of 2nd period - Stopped by Jacob Markstrom with a rebound.
8:12 of 2nd period - Jordan Martinook is hit by Carter Verhaeghe and loses puck.
9:01 of 2nd period - Wrist shot by Robby Fabbri.
9:01 of 2nd period - Shot Blocked by Cam York.
9:01 of 2nd period - Cam York from Dallas Stars is injured at 9:01 of 2nd period (Right Hand).
9:02 of 2nd period - Carter Verhaeghe wins face-off versus Elias Lindholm in Dallas Stars zone.
10:40 of 2nd period - Arber Xhekaj is hit by Mattias Samuelsson and loses puck.
11:05 of 2nd period - Wrist shot by Robby Fabbri.
11:05 of 2nd period - Shot Blocked by Arber Xhekaj.
11:07 of 2nd period - Slapshot by Mattias Samuelsson.
11:07 of 2nd period - Stopped by Marc-Andre Fleury with a rebound.
11:09 of 2nd period - Wrist shot by Anthony Beauvillier.
11:09 of 2nd period - Shot Blocked by Luke Kunin.
11:11 of 2nd period - Slapshot by Mattias Samuelsson.
11:11 of 2nd period - Shot Misses the Net.
11:13 of 2nd period - Slapshot by Connor Murphy.
11:13 of 2nd period - Deflect By Robby Fabbri.
11:13 of 2nd period - Shot Misses the Net.
11:13 of 2nd period - Puck is out of play.
11:14 of 2nd period - Carter Verhaeghe wins face-off versus Elias Lindholm in Dallas Stars zone.
11:39 of 2nd period - Jordan Spence is hit by Jakob Chychrun and loses puck.
12:04 of 2nd period - Josh Manson is hit by Arber Xhekaj and loses puck.
12:39 of 2nd period - Rasmus Ristolainen is hit by Carter Verhaeghe and loses puck.
13:04 of 2nd period - Mattias Samuelsson is hit by Arber Xhekaj.
13:29 of 2nd period - Wrist shot by Robby Fabbri.
13:29 of 2nd period - Shot Blocked by Jack Drury.
13:39 of 2nd period - Wrist shot by Philip Tomasino.
13:39 of 2nd period - Stopped by Jacob Markstrom without a rebound.
13:40 of 2nd period - Philip Tomasino wins face-off versus Carter Verhaeghe in San Jose Sharks zone.
13:40 of 2nd period - Dougie Hamilton is hit by Jordan Spence and loses puck.
13:43 of 2nd period - Slapshot by Dougie Hamilton.
13:43 of 2nd period - Shot Blocked by Jake McCabe.
13:45 of 2nd period - Snap shot by Jonatan Berggren.
13:45 of 2nd period - Shot Misses the Net.
14:02 of 2nd period - Icing by Adam Henrique.
14:03 of 2nd period - Elias Lindholm wins face-off versus Carter Verhaeghe in San Jose Sharks zone.
14:08 of 2nd period - Snap shot by Brendan Gallagher.
14:08 of 2nd period - Stopped by Jacob Markstrom with a rebound.
14:10 of 2nd period - Snap shot by Josh Anderson.
14:10 of 2nd period - Shot Misses the Net.
14:51 of 2nd period - Snap shot by Robby Fabbri.
14:51 of 2nd period - Shot Misses the Net.
14:53 of 2nd period - Slapshot by Mattias Samuelsson.
14:53 of 2nd period - Stopped by Marc-Andre Fleury with a rebound.
14:59 of 2nd period - Wrist shot by Blake Lizotte.
14:59 of 2nd period - Shot Blocked by Dougie Hamilton.
15:01 of 2nd period - Snap shot by Blake Lizotte.
15:01 of 2nd period - Stopped by Marc-Andre Fleury without a rebound.
15:02 of 2nd period - Elias Lindholm wins face-off versus Andrew Copp in Dallas Stars zone.
15:33 of 2nd period - Snap shot by Jack Drury.
15:33 of 2nd period - Shot Blocked by Mattias Samuelsson.
15:35 of 2nd period - Wrist shot by Trent Frederic.
15:35 of 2nd period - Shot Misses the Net.
15:49 of 2nd period - Wrist shot by Kevin Fiala.
15:49 of 2nd period - Stopped by Marc-Andre Fleury with a rebound.
15:55 of 2nd period - Mattias Samuelsson is hit by Philip Tomasino and loses puck.
16:08 of 2nd period - Wrist shot by Blake Lizotte.
16:08 of 2nd period - Shot Misses the Net.
16:10 of 2nd period - Slapshot by Connor Murphy.
16:10 of 2nd period - Shot Misses the Net.
16:12 of 2nd period - Wrist shot by Mattias Samuelsson.
16:12 of 2nd period - Stopped by Marc-Andre Fleury with a rebound.
16:14 of 2nd period - Slapshot by Connor Murphy.
16:14 of 2nd period - Deflect By Robby Fabbri.
16:14 of 2nd period - Stopped by Marc-Andre Fleury with a rebound.
16:34 of 2nd period - Snap shot by Brendan Gallagher.
16:34 of 2nd period - Stopped by Jacob Markstrom with a rebound.
16:36 of 2nd period - Slapshot by Arber Xhekaj.
16:36 of 2nd period - Stopped by Jacob Markstrom without a rebound.
16:37 of 2nd period - Alexander Wennberg wins face-off versus Jack Drury in San Jose Sharks zone.
16:54 of 2nd period - Andre Burakovsky is hit by Jack Drury and loses puck.
17:11 of 2nd period - Slapshot by Carter Verhaeghe.
17:11 of 2nd period - Deflect By Kevin Fiala.
17:11 of 2nd period - Shot Misses the Net.
17:11 of 2nd period - Puck is out of play.
17:12 of 2nd period - Carter Verhaeghe wins face-off versus Elias Lindholm in Dallas Stars zone.
17:21 of 2nd period - Snap shot by Kevin Fiala.
17:21 of 2nd period - Deflect By Dougie Hamilton.
17:21 of 2nd period - Stopped by Marc-Andre Fleury without a rebound.
17:22 of 2nd period - Elias Lindholm wins face-off versus Carter Verhaeghe in Dallas Stars zone.
17:33 of 2nd period - Snap shot by Brendan Gallagher.
17:33 of 2nd period - Shot Blocked by Josh Manson.
17:47 of 2nd period - Backhand shot by Carter Verhaeghe.
17:47 of 2nd period - Deflect By Kevin Fiala.
17:47 of 2nd period - Shot Misses the Net.
17:47 of 2nd period - Puck is out of play.
17:48 of 2nd period - Alexander Wennberg wins face-off versus Luke Kunin in Dallas Stars zone.
17:59 of 2nd period - Snap shot by Luke Kunin.
17:59 of 2nd period - Shot Blocked by Jake McCabe.
18:01 of 2nd period - Slapshot by Jordan Greenway.
18:01 of 2nd period - Stopped by Jacob Markstrom without a rebound.
18:02 of 2nd period - Andrew Copp wins face-off versus Elias Lindholm in San Jose Sharks zone.
18:12 of 2nd period - Wrist shot by Travis Boyd.
18:12 of 2nd period - Stopped by Marc-Andre Fleury with a rebound.
18:14 of 2nd period - Slapshot by Mattias Samuelsson.
18:14 of 2nd period - Stopped by Marc-Andre Fleury without a rebound.
18:15 of 2nd period - Jack Drury wins face-off versus Alexander Wennberg in Dallas Stars zone.
18:27 of 2nd period - Backhand shot by Rasmus Ristolainen.
18:27 of 2nd period - Shot Misses the Net.
18:29 of 2nd period - Snap shot by Jack Drury.
18:29 of 2nd period - Stopped by Jacob Markstrom with a rebound.
18:31 of 2nd period - Wrist shot by Alex Iafallo.
18:31 of 2nd period - Stopped by Jacob Markstrom with a rebound.
18:41 of 2nd period - Rasmus Ristolainen is hit by Andrew Copp and loses puck.
18:47 of 2nd period - Minor Penalty to Josh Anderson for High sticking.
18:48 of 2nd period - Elias Lindholm wins face-off versus Adam Henrique in Dallas Stars zone.
18:58 of 2nd period - Jakob Chychrun is hit by Mattias Samuelsson and loses puck.
19:21 of 2nd period - Snap shot by Alexander Wennberg.
19:21 of 2nd period - Deflect By Max Domi.
19:21 of 2nd period - Stopped by Marc-Andre Fleury with a rebound.
19:23 of 2nd period - Slapshot by Mattias Samuelsson.
19:23 of 2nd period - Shot Blocked by Jack Drury.
19:34 of 2nd period - Icing by Marcus Pettersson.
19:35 of 2nd period - Kevin Fiala wins face-off versus Brendan Gallagher in San Jose Sharks zone.
19:42 of 2nd period - Wrist shot by Carter Verhaeghe.
19:42 of 2nd period - Deflect By Kevin Fiala.
19:42 of 2nd period - Stopped by Marc-Andre Fleury with a rebound.
19:44 of 2nd period - Snap shot by Adam Henrique.
19:44 of 2nd period - Shot Blocked by Brendan Gallagher.
19:46 of 2nd period - Slapshot by Josh Manson.
19:46 of 2nd period - Shot Misses the Net.
Goals for this period are 1 for San Jose Sharks vs 0 for Dallas Stars.
Shots for this period are 20 for San Jose Sharks vs 11 for Dallas Stars.
3rd period
0:01 of 3rd period - Elias Lindholm wins face-off versus Alexander Wennberg in neutral zone.
0:47 of 3rd period - Penalty to Josh Anderson is over, Josh Anderson is back on ice.
0:50 of 3rd period - Mattias Samuelsson is hit by Josh Anderson and loses puck.
1:07 of 3rd period - Mattias Samuelsson is hit by Jonatan Berggren and loses puck.
1:30 of 3rd period - Slapshot by Jakob Chychrun.
1:30 of 3rd period - Deflect By Anthony Beauvillier.
1:30 of 3rd period - Stopped by Jacob Markstrom without a rebound.
1:31 of 3rd period - Elias Lindholm wins face-off versus Carter Verhaeghe in San Jose Sharks zone.
1:39 of 3rd period - Minor Penalty to Jake McCabe for Tripping.
1:40 of 3rd period - Elias Lindholm wins face-off versus Kevin Fiala in San Jose Sharks zone.
1:44 of 3rd period - Wrist shot by Elias Lindholm.
1:44 of 3rd period - Stopped by Jacob Markstrom without a rebound.
1:45 of 3rd period - Elias Lindholm wins face-off versus Kevin Fiala in San Jose Sharks zone.
1:50 of 3rd period - Wrist shot by Elias Lindholm.
1:50 of 3rd period - Stopped by Jacob Markstrom with a rebound.
1:52 of 3rd period - Slapshot by Rasmus Ristolainen.
1:52 of 3rd period - Shot Blocked by Carter Verhaeghe.
1:54 of 3rd period - Snap shot by Elias Lindholm.
1:54 of 3rd period - Stopped by Jacob Markstrom with a rebound.
1:56 of 3rd period - Slapshot by Rasmus Ristolainen.
1:56 of 3rd period - Shot Blocked by Mattias Samuelsson.
1:58 of 3rd period - Snap shot by Brendan Gallagher.
1:58 of 3rd period - Shot Blocked by Connor Murphy.
2:00 of 3rd period - Slapshot by Rasmus Ristolainen.
2:00 of 3rd period - Stopped by Jacob Markstrom with a rebound.
2:10 of 3rd period - Kevin Fiala is hit by Jordan Greenway and loses puck.
2:34 of 3rd period - Wrist shot by Brendan Gallagher.
2:34 of 3rd period - Stopped by Jacob Markstrom with a rebound.
3:39 of 3rd period - Penalty to Jake McCabe is over, Jake McCabe is back on ice.
3:59 of 3rd period - Snap shot by Philip Tomasino.
3:59 of 3rd period - Stopped by Jacob Markstrom with a rebound.
4:01 of 3rd period - Backhand shot by Joel Kiviranta.
4:01 of 3rd period - Shot Misses the Net.
4:03 of 3rd period - Snap shot by Jonatan Berggren.
4:03 of 3rd period - Stopped by Jacob Markstrom with a rebound.
5:02 of 3rd period - Jakob Chychrun is hit by Mattias Samuelsson and loses puck.
5:18 of 3rd period - Off-side.
5:19 of 3rd period - Josh Anderson wins face-off versus Max Domi in neutral zone.
5:22 of 3rd period - Wrist shot by Rasmus Ristolainen.
5:22 of 3rd period - Shot Misses the Net.
5:43 of 3rd period - Luke Kunin is hit by Kevin Fiala and loses puck.
6:06 of 3rd period - Arber Xhekaj is hit by Mattias Samuelsson and loses puck.
6:27 of 3rd period - Marcus Pettersson is hit by Arber Xhekaj and loses puck.
6:36 of 3rd period - Rasmus Ristolainen is hit by Robby Fabbri and loses puck.
6:52 of 3rd period - Minor Penalty to Jake McCabe for Tripping.
6:53 of 3rd period - Luke Kunin wins face-off versus Alexander Wennberg in San Jose Sharks zone.
6:54 of 3rd period - Slapshot by Jakob Chychrun.
6:54 of 3rd period - Shot Blocked by Mattias Samuelsson.
6:56 of 3rd period - Slapshot by Jakob Chychrun.
6:56 of 3rd period - Shot Misses the Net.
6:58 of 3rd period - Slapshot by Trevor van Riemsdyk.
6:58 of 3rd period - Stopped by Jacob Markstrom with a rebound.
7:00 of 3rd period - Slapshot by Jakob Chychrun.
7:00 of 3rd period - Shot Misses the Net.
7:02 of 3rd period - Wrist shot by Jordan Martinook.
7:02 of 3rd period - Goal by Jordan Martinook - San Jose Sharks : 2 - Dallas Stars : 2.
7:03 of 3rd period - Carter Verhaeghe wins face-off versus Luke Kunin in neutral zone.
7:08 of 3rd period - Slapshot by Kevin Fiala.
7:08 of 3rd period - Stopped by Marc-Andre Fleury without a rebound.
7:09 of 3rd period - Luke Kunin wins face-off versus Carter Verhaeghe in Dallas Stars zone.
7:11 of 3rd period - Icing by Jordan Martinook.
7:12 of 3rd period - Carter Verhaeghe wins face-off versus Jordan Martinook in Dallas Stars zone.
7:29 of 3rd period - Slapshot by Kevin Fiala.
7:29 of 3rd period - Stopped by Marc-Andre Fleury without a rebound.
7:30 of 3rd period - Alexander Wennberg wins face-off versus Elias Lindholm in Dallas Stars zone.
7:41 of 3rd period - Wrist shot by Alexander Wennberg.
7:41 of 3rd period - Stopped by Marc-Andre Fleury with a rebound.
7:43 of 3rd period - Wrist shot by Max Domi.
7:43 of 3rd period - Stopped by Marc-Andre Fleury with a rebound.
7:45 of 3rd period - Snap shot by Alexander Wennberg.
7:45 of 3rd period - Stopped by Marc-Andre Fleury with a rebound.
8:20 of 3rd period - Jack Drury is hit by Josh Manson and loses puck.
8:43 of 3rd period - Josh Manson is hit by Rasmus Ristolainen and loses puck.
8:50 of 3rd period - Philip Tomasino is hit by Anthony Beauvillier and loses puck.
9:01 of 3rd period - Wrist shot by Blake Lizotte.
9:01 of 3rd period - Shot Misses the Net.
9:21 of 3rd period - Wrist shot by Robby Fabbri.
9:21 of 3rd period - Stopped by Marc-Andre Fleury without a rebound.
9:22 of 3rd period - Elias Lindholm wins face-off versus Max Domi in Dallas Stars zone.
9:37 of 3rd period - Snap shot by Max Domi.
9:37 of 3rd period - Shot Misses the Net.
9:54 of 3rd period - Adam Henrique is hit by Jordan Greenway and loses puck.
10:45 of 3rd period - Jake McCabe is hit by Jordan Greenway and loses puck.
10:58 of 3rd period - Jake McCabe is hit by Dougie Hamilton and loses puck.
11:18 of 3rd period - Backhand shot by Dougie Hamilton.
11:18 of 3rd period - Shot Blocked by Carter Verhaeghe.
11:20 of 3rd period - Snap shot by Dougie Hamilton.
11:20 of 3rd period - Stopped by Jacob Markstrom with a rebound.
11:22 of 3rd period - Snap shot by Philip Tomasino.
11:22 of 3rd period - Shot Blocked by Mattias Samuelsson.
11:24 of 3rd period - Slapshot by Joel Kiviranta.
11:24 of 3rd period - Shot Blocked by Adam Henrique.
11:28 of 3rd period - Backhand shot by Philip Tomasino.
11:28 of 3rd period - Deflect By Kevin Fiala.
11:28 of 3rd period - Shot Misses the Net.
11:28 of 3rd period - Puck is out of play.
11:29 of 3rd period - Elias Lindholm wins face-off versus Alexander Wennberg in San Jose Sharks zone.
11:44 of 3rd period - Max Domi is hit by Brendan Gallagher and loses puck.
11:57 of 3rd period - Jordan Martinook is hit by Travis Boyd.
13:48 of 3rd period - Elias Lindholm is hit by Josh Manson and loses puck.
14:01 of 3rd period - Snap shot by Carter Verhaeghe.
14:01 of 3rd period - Stopped by Marc-Andre Fleury with a rebound.
14:03 of 3rd period - Slapshot by Connor Murphy.
14:03 of 3rd period - Shot Misses the Net.
14:05 of 3rd period - Snap shot by Connor Murphy.
14:05 of 3rd period - Shot Blocked by Jordan Martinook.
14:19 of 3rd period - Wrist shot by Max Domi.
14:19 of 3rd period - Shot Misses the Net.
14:25 of 3rd period - Slapshot by Max Domi.
14:25 of 3rd period - Stopped by Marc-Andre Fleury with a rebound.
14:27 of 3rd period - Snap shot by Max Domi.
14:27 of 3rd period - Shot Blocked by Rasmus Ristolainen.
14:43 of 3rd period - Jake McCabe is hit by Trent Frederic and loses puck.
14:52 of 3rd period - Wrist shot by Jack Drury.
14:52 of 3rd period - Shot Misses the Net.
14:54 of 3rd period - Snap shot by Jack Drury.
14:54 of 3rd period - Shot Blocked by Jordan Spence.
15:01 of 3rd period - Icing by Jordan Spence.
15:02 of 3rd period - Andrew Copp wins face-off versus Elias Lindholm in San Jose Sharks zone.
15:07 of 3rd period - Wrist shot by Ilya Mikheyev.
15:07 of 3rd period - Stopped by Marc-Andre Fleury without a rebound.
15:08 of 3rd period - Elias Lindholm wins face-off versus Andrew Copp in Dallas Stars zone.
15:12 of 3rd period - Off-side.
15:13 of 3rd period - Andrew Copp wins face-off versus Trent Frederic in neutral zone.
15:16 of 3rd period - Alex Iafallo is hit by Ilya Mikheyev and loses puck.
15:22 of 3rd period - Minor Penalty to Connor Murphy for Slashing.
15:23 of 3rd period - Alexander Wennberg wins face-off versus Elias Lindholm in San Jose Sharks zone.
15:40 of 3rd period - Mattias Samuelsson is hit by Elias Lindholm and loses puck.
16:16 of 3rd period - Jordan Martinook is hit by Carter Verhaeghe and loses puck.
17:22 of 3rd period - Penalty to Connor Murphy is over, Connor Murphy is back on ice.
17:24 of 3rd period - Off-side.
17:25 of 3rd period - Andrew Copp wins face-off versus Philip Tomasino in neutral zone.
17:30 of 3rd period - Slapshot by Ilya Mikheyev.
17:30 of 3rd period - Deflect By Andrew Copp.
17:30 of 3rd period - Shot Misses the Net.
17:30 of 3rd period - Puck is out of play.
17:31 of 3rd period - Andrew Copp wins face-off versus Philip Tomasino in Dallas Stars zone.
18:02 of 3rd period - Snap shot by Jack Drury.
18:02 of 3rd period - Stopped by Jacob Markstrom with a rebound.
18:04 of 3rd period - Snap shot by Trent Frederic.
18:04 of 3rd period - Stopped by Jacob Markstrom without a rebound.
18:05 of 3rd period - Jack Drury wins face-off versus Carter Verhaeghe in San Jose Sharks zone.
18:10 of 3rd period - Snap shot by Alex Iafallo.
18:10 of 3rd period - Shot Misses the Net.
18:20 of 3rd period - Jack Drury is hit by Kevin Fiala and loses puck.
18:31 of 3rd period - Alex Iafallo is hit by Mattias Samuelsson and loses puck.
18:40 of 3rd period - Connor Murphy is hit by Dougie Hamilton and loses puck.
18:59 of 3rd period - Slapshot by Ilya Mikheyev.
18:59 of 3rd period - Shot Misses the Net.
19:01 of 3rd period - Snap shot by Andrew Copp.
19:01 of 3rd period - Stopped by Marc-Andre Fleury with a rebound.
19:03 of 3rd period - Slapshot by Marcus Pettersson.
19:03 of 3rd period - Shot Misses the Net.
Goals for this period are 0 for San Jose Sharks vs 1 for Dallas Stars.
Shots for this period are 10 for San Jose Sharks vs 13 for Dallas Stars.
Overtime #1
0:01 of 1st overtime period - Elias Lindholm wins face-off versus Kevin Fiala in neutral zone.
0:06 of 1st overtime period - Backhand shot by Dougie Hamilton.
0:06 of 1st overtime period - Stopped by Jacob Markstrom without a rebound.
0:07 of 1st overtime period - Elias Lindholm wins face-off versus Kevin Fiala in San Jose Sharks zone.
0:20 of 1st overtime period - Snap shot by Elias Lindholm.
0:20 of 1st overtime period - Stopped by Jacob Markstrom without a rebound.
0:21 of 1st overtime period - Alexander Wennberg wins face-off versus Jordan Martinook in San Jose Sharks zone.
1:31 of 1st overtime period - Icing by Trevor van Riemsdyk.
1:32 of 1st overtime period - Jordan Martinook wins face-off versus Alexander Wennberg in Dallas Stars zone.
1:37 of 1st overtime period - Alexander Wennberg is hit by Rasmus Ristolainen and loses puck.
1:54 of 1st overtime period - Rasmus Ristolainen is hit by Kevin Fiala and loses puck.
3:02 of 1st overtime period - Icing by Mattias Samuelsson.
3:03 of 1st overtime period - Jordan Martinook wins face-off versus Ilya Mikheyev in San Jose Sharks zone.
3:47 of 1st overtime period - Icing by Elias Lindholm.
3:48 of 1st overtime period - Elias Lindholm wins face-off versus Kevin Fiala in Dallas Stars zone.
3:53 of 1st overtime period - Snap shot by Josh Anderson.
3:53 of 1st overtime period - Goal by Josh Anderson - San Jose Sharks : 2 - Dallas Stars : 3.
Goals for this period are 0 for San Jose Sharks vs 1 for Dallas Stars.
Shots for this period are 0 for San Jose Sharks vs 3 for Dallas Stars.
Back to the Top